 Dungeon Crawl Stone Soup version 0.17-a0-1946-gfb768fe (webtiles) character file.

377 sune the Skirmisher (level 6, -23/56 HPs)
             Began as a Minotaur Berserker on Oct 1, 2015.
             Was a Priest of Trog.
             Engulfed by a cloud of flame (29 damage)
             ... on level 4 of the Dungeon on Oct 2, 2015.
             The game lasted 00:51:31 (4080 turns).

sune the Skirmisher (Minotaur Berserker)            Turns: 4080, Time: 00:51:31

Health: -23/56     AC:  9    Str: 21    XL:     6   Next: 45%
Magic:  5/5        EV:  9    Int:  5    God:    Trog [***...]
Gold:   160        SH:  0    Dex: 11    Spells: 0 memorised, 5 levels left

rFire  . . .     SeeInvis .     C - +0 quarterstaff
rCold  . . .     Clarity  .     z - +0 chain mail
rNeg   . . .     SustAt   .     (no shield)
rPois  .         Gourm    .     (helmet restricted)
rElec  .         Spirit   .     (no cloak)
rCorr  .         Warding  .     (no gloves)
rMut   .         Stasis   .     (no boots)
MR     .....                    v - amulet of faith
Stlth  ..........               (no ring)
                                (no ring)

@: very slightly contaminated, not resistant to hostile enchantments, extremely
unstealthy
A: retaliatory headbutt, horns 2
a: Burn Spellbooks, Berserk, Trog's Hand, Renounce Religion


You were on level 4 of the Dungeon.
You worshipped Trog.
Trog was most pleased with you.
You were not hungry.

You visited 1 branch of the dungeon, and saw 4 of its levels.

You collected 160 gold pieces.

Inventory:

Hand weapons
 a - a +0 short sword
 f - a cursed -1 club
 l - a +0 hand crossbow
 m - a +0 hand axe
 o - a +0 dagger
 q - a +0 mace
 u - a +0 hunting sling
 B - a +0 hand axe
 C - a +0 quarterstaff (weapon)
Missiles
 e - 112 stones (quivered)
 h - 44 bolts
 t - 35 arrows
 y - 7 javelins
Armour
 b - a +0 animal skin
 k - a +0 ring mail
 n - a +0 scale mail
 z - a +0 chain mail (worn)
Jewellery
 v - an amulet of faith (around neck)
Scrolls
 i - a scroll of remove curse
 j - 3 scrolls of identify
 p - 2 scrolls of recharging
 x - a scroll of magic mapping {unknown}
Comestibles
 c - 2 bread rations
 d - a meat ration
 w - a beef jerky
 A - 3 chunks of flesh


   Skills:
 + Level 5.3 Fighting
 + Level 4.4 Short Blades
 + Level 4.9 Armour
 + Level 4.2 Dodging
 + Level 0.5 Stealth


You had 5 spell levels left.
You didn't know any spells.

Dungeon Overview and Level Annotations

Branches:
Dungeon (4/15)
 Temple: D:4-7

Altars:
Ru


Innate Abilities, Weirdness & Mutations

You reflexively headbutt those who attack you in melee.
You have a pair of horns on your head.


Message History

The stone hits you but does no damage. The adder barely misses you.
You hit the adder but do no damage.
The adder is moderately wounded.
The orc throws a stone.
The stone hits you but does no damage. The adder closely misses you.
The orc throws a stone.
The stone hits you but does no damage. The adder barely misses you.
Your chain mail prevents you from hitting the adder.
Your headbutt misses the adder.
The adder is moderately wounded.
The adder bites you but does no damage.
The orc throws a stone.
The stone hits you but does no damage.
You closely miss the adder. You headbutt the adder!
The adder explodes!
The fiery explosion engulfs you!
Ouch! That really hurt!
* * * LOW HITPOINT WARNING * * *
Trog accepts your kill.
You are engulfed in roaring flames.
Ouch! That really hurt!
You die...

....###..#.## ##...##..#
....###.....## #..#.....#
........##...#### #....###.#
................# #.#.## #.#
....#######..##.# #.#.# #o#
##.#.# #..##.# #.#.# #.# ...#.#
#..##.######.#.####.# #.##.#
#....)§§...<........#
#.##.#######....@§§.......######
.............#.#§#####....#
...............#.o...o....#
###########################


You could see an orc (inner flame).

Vanquished Creatures
  A sky beast (D:3)
  An orc priest (D:3)
  3 orc wizards
  2 worker ants
  4 adders
  An ooze (D:2)
  An adder skeleton (D:4)
  A giant gecko (D:1)
  7 orcs
  2 ball pythons (D:1)
  5 giant cockroaches
  6 hobgoblins
  3 jackals (D:3)
  6 kobolds
  3 quokkas (D:4)
  10 bats
  2 giant newts
  9 goblins
  6 rats
73 creatures vanquished.

Notes
Turn   | Place    | Note
--------------------------------------------------------------
     0 | D:1      | sune the Minotaur Berserker began the quest for the Orb.
     0 | D:1      | Reached XP level 1. HP: 19/19 MP: 0/0
   186 | D:1      | Reached XP level 2. HP: 21/27 MP: 1/1
   303 | D:1      | Reached skill level 4 in Fighting
  1246 | D:2      | Reached XP level 3. HP: 23/33 MP: 2/2
  1372 | D:2      | Acquired Trog's second power
  2420 | D:3      | Reached XP level 4. HP: 37/41 MP: 3/3
  2587 | D:3      | Found a sacrificial altar of Ru.
  2650 | D:3      | Noticed a sky beast
  2664 | D:3      | Killed a sky beast
  2664 | D:3      | Reached XP level 5. HP: 47/47 MP: 4/4
  2693 | D:3      | Reached skill level 5 in Fighting
  2989 | D:3      | Reached XP level 6. HP: 56/56 MP: 5/5
  4080 | D:4      | Engulfed by a cloud of flame

Vault maps used:
D:1:      dpeg_arrival_more_subterranean_lakeside_camping
D:3:      first_bread, nicolae_ru_awakened_eye
D:4:      kennysheep_opposing_triangles

Action                   |  1- 3 |  4- 6 || total
-------------------------+-------+-------++-------
Melee: Short sword       |    88 |   114 ||   202
       Quarterstaff      |       |    13 ||    13
Throw: Stone             |     3 |       ||     3
  Use: Scroll            |       |     4 ||     4
       Potion            |       |     3 ||     3
  Eat: Chunk             |     3 |     1 ||     4
       Meat ration       |     1 |       ||     1
       Bread ration      |       |     1 ||     1
